 Dungeon Crawl Stone Soup version 0.29-a0-813-g4a14ea37d6 (webtiles) character file.

Game seed: 12383718577194409629

37 xian the Shooter (level 3, 0/20 HPs)
             Began as a Kobold Arcane Marksman on July 4, 2022.
             Slain by an adder (2 damage)
             ... on level 2 of the Dungeon.
             The game lasted 00:03:37 (1678 turns).

xian the Shooter (Kobold Arcane Marksman)           Turns: 1678, Time: 00:03:37

Health: 0/20       AC:  3    Str:  9    XL:     3   Next: 60%
Magic:  4/4        EV: 14    Int: 14    God:
Gold:   46         SH:  0    Dex: 15    Spells: 3/4 levels left

rFire   . . .      SeeInvis .   e - +0 club
rCold   . . .      Faith    .   (no shield)
rNeg    . . .      Spirit   .   h - +0 leather armour
rPois   .          Reflect  .   (no helmet)
rElec   .          Harm     .   (no cloak)
rCorr   .          Rampage  .   (no gloves)
Will    .....                   (no boots)
Stlth   ++........              (no amulet)
HPRegen 0.06/turn               (no ring)
MPRegen 0.09/turn               (no ring)

@: no status effects
A: small, no large weapons, nightstalker 3
a: no special abilities


You were on level 2 of the Dungeon.
You visited 1 branch of the dungeon, and saw 2 of its levels.

You collected 46 gold pieces.

Inventory:

Hand Weapons
 a - a +0 sling
 e - a +0 club (weapon)
Armour
 h - a +0 leather armour (worn)
Scrolls
 b - a scroll of vulnerability
 f - a scroll of summoning {unknown}
 g - a scroll of enchant weapon {unknown}
 i - a scroll of noise {unknown}
Potions
 c - a potion of flight {unknown}
 d - a potion of attraction {unknown}
 j - a potion of lignification {unknown}


   Skills:
 + Level 1.3 Fighting
 + Level 3.9 Ranged Weapons
 + Level 2.5 Dodging
 + Level 1.1 Spellcasting
 + Level 3.5 Hexes


You had 3 spell levels left.
You knew the following spells:

 Your Spells              Type           Power      Damage    Failure   Level
a - Slow                  Hex            40%        N/A       9%          1

Your spell library contained the following spells:

 Spells                   Type           Power      Damage    Failure   Level
 Inner Flame              Hex/Fire       5%         N/A       47%         3
 Portal Projectile        Hex/Tloc       10%        N/A       47%         3
 Cause Fear               Hex            5%         N/A       63%         4


Dungeon Overview and Level Annotations

Branches:
Dungeon (2/15)

Altars:


Innate Abilities, Weirdness & Mutations

You are small and have problems with some larger weapons.
You are completely attuned to the shadows.


Message History

An adder comes into view.
You shoot a sling bullet.
The sling bullet hits the adder but does no damage.
The adder hisses angrily.
You shoot a sling bullet. The sling bullet misses the adder.
You shoot a sling bullet.
The sling bullet barely misses the adder.
The adder barely misses you. The adder bites you but does no damage.
You shoot a sling bullet. The sling bullet misses the adder.
The adder closely misses you. The adder bites you.
You are poisoned.
The adder poisons you!
You shoot a sling bullet. The sling bullet misses the adder.
You feel sick. The adder bites you.
You are more poisoned.
The adder poisons you!
You shoot a sling bullet. The sling bullet hits the adder.
The adder is heavily wounded.
You feel very sick. The adder bites you but does no damage.
The adder misses you.
You shoot a sling bullet. The sling bullet misses the adder.
You feel sick. The adder bites you.
e - a +0 club (weapon)
You feel sick. The adder bites you but does no damage.
You hit the adder but do no damage.
The adder is heavily wounded.
You feel sick. The adder misses you. The adder closely misses you.
You barely miss the adder.
The adder is heavily wounded.
You feel sick. The adder barely misses you.
You closely miss the adder.
The adder is heavily wounded.
You feel sick. The adder misses you. The adder bites you.
* * * LOW HITPOINT WARNING * * *
You miss the adder.
The adder is heavily wounded.
You feel sick.
You are no longer poisoned.
The adder bites you.
You die...

..# #.#
#.# #S#
#@# #.#
#.# ##.##
#...#####
#.#.....#
#...###.#
#####
#.#####
#.<....


You could see an adder.

Vanquished Creatures
  A gnoll (D:1)
  3 ball pythons (D:1)
  2 endoplasms (D:1)
  2 giant cockroaches (D:1)
  4 goblins (D:1)
  A hobgoblin (D:1)
  2 quokkas (D:1)
  5 bats (D:1)
  A frilled lizard (D:1)
  2 kobolds (D:1)
  2 rats (D:1)
25 creatures vanquished.

Notes
Turn   | Place    | Note
-------+----------+-------------------------------------------
     0 | D:1      | xian the Kobold Arcane Marksman began the quest for the
                  | Orb.
     0 | D:1      | Reached XP level 1. HP: 12/12 MP: 2/2
   127 | D:1      | Reached XP level 2. HP: 4/16 MP: 1/3
  1034 | D:1      | Reached XP level 3. HP: 20/20 MP: 4/4
  1572 | D:1      | Found a faded altar of an unknown god.
  1678 | D:2      | Slain by an adder

Illustrated notes

Levels and vault maps discovered:
D:1:      noname_arrival_rooms_in_the_neighbourhood, layout_rooms,
          chequers_ecumenical_altar_grove
D:2:      layout_loops_ring

Skill      XL: |  1  2 |
---------------+-------+-----
Ranged Weapons | 3 |  3.9
Fighting       | |  1.3
Dodging        | |  2.5
Spellcasting   | |  1.1
Hexes          | |  3.5

Action                   || total
-------------------------++-------
Melee: Club              ||     4
 Fire: Sling             ||   110
 Cast: Slow              ||     4
Armor: Robe              ||     5
       Leather armour    ||    18
Dodge: Dodged            ||    92

Table legend: (Time is in decaauts)
 A = Elapsed time spent in this place.
 B = Non-inter-level travel time spent in this place.
 C = Inter-level travel time spent in this place.
 D = Time resting spent in this place.
 E = Time spent auto-exploring this place.
 F = Levels seen in this place.
 G = Mean time per level.
                   A        B        C        D        E       F      G
               +--------+--------+--------+--------+--------+-----+--------+
         Total |   1707 |   1689 |     18 |    283 |   1138 |   2 |  853.5 |
       Dungeon |   1707 |   1689 |     18 |    283 |   1138 |   2 |  853.5 |
               +--------+--------+--------+--------+--------+-----+--------+

Top non-repeatable levels by time:
     D:1: 1677 daAuts
     D:2: 30 daAuts
